Match 43233478
Unlisted

Match 43233478
End
Selects Airborne Battlegroup
Selects Airborne Battlegroup
Selects Airborne Battlegroup
Selects Heavy Machine Gun Paradrop
Heavy Machine Gun Paradrop
Engineer Squad
Construct Barracks
M1 Mortar Team
Mechanized Support Center
Selects Paratrooper Squad Paradrop
Paratrooper Squad Paradrop
Construct Medical Station
Paratrooper Squad Paradrop
Paratrooper Squad Paradrop
Construct Tank Depot
M18 Hellcat Tank Destroyer
Selects Recon Loiter
Recon Loiter
M18 Hellcat Tank Destroyer
Engineer Squad
M18 Hellcat Tank Destroyer
Improvised Armor
Selects Paradrop Reinforcements
Recon Loiter
Heavy Machine Gun Paradrop
M4A1 Sherman Medium Tank
Recon Loiter
Selects Carpet Bombing Run
M4A1 Sherman Medium Tank
Henry Shi
勇于撤退先遣兵
抖音_稳得住0.0
Gengeol
SmeltedElk
la
Blanco
MoriMusic
0
0

Comments sign in to comment!

No comments posted yet!